[Event "GER-ch Youth-U12 2022"]
[Site "Willingen"]
[Date "2022.06.11"]
[Round "9.9"]
[White "Neuhoff, Laertes"]
[Black "Bangert, Jonas"]
[Result "0-1"]
[ECO "B32"]
[WhiteElo "1990"]
[BlackElo "1483"]
[Annotator "TA"]
[PlyCount "60"]
[EventDate "2022.06.05"]
[EventType "swiss"]
[EventRounds "9"]
[EventCountry "GER"]
[SourceTitle "playchess.com"]
[Source "ChessBase"]
[SourceQuality "1"]
[TimeControl "40/4500+30:900+30"]

1. e4 c5 2. Nf3 Nc6 3. d4 cxd4 4. Nxd4 e5 5. Nb5 d6 6. N1c3 a6 7. Na3 b5 8. Nd5 Nge7 9. c4 Nd4 {[%emt 0:00:00] The old main line.} 10. Be3 Nxd5 {[%emt 0:00:00] B32: Sicilian: Löwenthal and Kalashnikov Variations.} 11. cxd5 (11. exd5 {seems wilder.} Nf5 12. Bc1 Be7 13. cxb5 O-O 14. Bd3) 11... f5 12. Bxd4 exd4 {[%emt 0:01:04] The position is equal.} 13. Qxd4 {[%emt 0:00:59] [#]} (13. Bd3 $1 $11) 13... fxe4 $146 (13... Be7) ({Better is} 13... Be7 $15) ({Predecessor:} 13... Be7 14. exf5 O-O 15. g4 Bf6 16. Qd2 Qe7+ 17. Be2 Re8 18. Kf1 Qe4 19. Rg1 Bb7 {0-1 (50) Baron,T (2257)-Libiszewski,F (2498) Cap d'Agde 2010}) 14. Qxe4+ $14 Be7 {[%emt 0:00:10][%cal Bf8e7,Be7h4,Bh4g5][%mdl 32] White must now prevent ...Qa5+.} 15. Bd3 Qa5+ 16. Kf1 {[%emt 0:04:06] Strongly threatening Re1.} g6 17. g4 $2 {[%emt 0:04:15][%mdl 8192] [#]} (17. Re1 $16 {[%csl Ge1][%cal Re4e7] and life is bright.} Qc7 18. Nc2) 17... Qb6 (17... O-O $1 $19 18. Kg2 (18. Qxe7 Bxg4 19. Nc2 Qd2 $19) 18... Bf6) 18. Re1 $2 (18. Kg2 $17 O-O 19. Rhf1) 18... O-O $19 19. Re2 ({Don't play} 19. Qe3 Qxe3 20. Rxe3 Bh4 $19) (19. f3 {was necessary.} Bh4 20. Qe3 Qxe3 21. Rxe3 Bxg4 22. Be4) 19... Bh4 20. f3 Bd7 {[%emt 0:01:10][%cal Bc8d7,Bd7g4,Bg4f3][%mdl 32] aiming for ...Rae8.} 21. Qe3 {[%emt 0:02:39] [#]} Qxe3 (21... Bxg4 $1 22. Qxb6 (22. Kg2 Bxf3+) 22... Bh3+ 23. Kg1 Rxf3) 22. Rxe3 Bxg4 $1 23. Kg2 Bg5 24. f4 Rxf4 {[%emt 0:02:39] And now ...Raf8 would win.} 25. Rhe1 (25. h4 $142 Bh6 26. Rg3) 25... Raf8 26. Kg3 Bf3 {[%emt 0:01:02] ( -> ...Rg4+)} 27. Kh3 Rh4+ 28. Kg3 Rg4+ 29. Kf2 Bh4+ {[%emt 0:00:34] A strong pair of Bishops.} 30. Kf1 Bd1+ {[%emt 0:00:29] Weighted Error Value: White=1.49/Black=0.76} 0-1

[Event "GER-ch Youth-U12 2022"]
[Site "Willingen"]
[Date "2022.06.11"]
[Round "9.10"]
[White "Mandalka, Justus"]
[Black "Gloeckler, Christian"]
[Result "0-1"]
[ECO "B91"]
[WhiteElo "1402"]
[BlackElo "1869"]
[Annotator "NA RC COMBH"]
[PlyCount "84"]
[EventDate "2022.06.05"]
[EventType "swiss"]
[EventRounds "9"]
[EventCountry "GER"]
[SourceTitle "playchess.com"]
[Source "ChessBase"]
[SourceQuality "1"]
[TimeControl "40/4500+30:900+30"]

1. e4 c5 2. Nf3 d6 3. d4 cxd4 4. Nxd4 Nf6 5. Nc3 a6 6. g3 e5 7. Nde2 Be7 8. Bg2 O-O 9. O-O Nc6 10. Nd5 Nxd5 11. Qxd5 Qc7 12. Qd1 Be6 13. Be3 Rac8 14. Nc3 Na5 15. f4 Nc4 16. Bc1 Qb6+ 17. Kh1 Nxb2 18. Qf3 Qb4 19. Rb1 (19. Nd5 $17 Bxd5 20. exd5) 19... Qxc3 20. Qxc3 Rxc3 21. Rxb2 b5 22. Bd2 Rc4 23. Bb4 f6 ({Black should try} 23... exf4 $19 24. gxf4 Bf6) 24. Rd1 Rd8 25. c3 Kf7 26. Rbd2 Rc6 27. Bf3 {[%emt 0:04:58] [#]} Ke8 ({Black should try} 27... Ra8 $1 28. Be2 g6) 28. Ra1 Rc4 $15 29. f5 Bc8 30. a4 bxa4 31. Rxa4 Bb7 32. Kg2 Ra8 33. Re2 Kd7 34. Kf2 Bd8 35. Rea2 Bb6+ 36. Kg2 a5 37. Be2 Rxe4 38. Bb5+ Kc7 39. Kh3 Ra7 40. Bxa5 Rxa5 41. Rxa5 Bxa5 42. Rxa5 Kb6 0-1

[Event "GER-ch Youth-U12 2022"]
[Site "Willingen"]
[Date "2022.06.11"]
[Round "9.11"]
[White "Wartenberg, Alexander"]
[Black "Aweh, Mads"]
[Result "1-0"]
[ECO "B33"]
[WhiteElo "1682"]
[BlackElo "1438"]
[Annotator "NA RC COMBH"]
[PlyCount "95"]
[EventDate "2022.06.05"]
[EventType "swiss"]
[EventRounds "9"]
[EventCountry "GER"]
[SourceTitle "playchess.com"]
[Source "ChessBase"]
[SourceQuality "1"]
[TimeControl "40/4500+30:900+30"]

1. e4 c5 2. Nf3 Nc6 3. d4 cxd4 4. Nxd4 Nf6 5. Nc3 e5 6. Ndb5 d6 7. Bg5 a6 8. Na3 b5 9. Nd5 Be7 10. Bxf6 Bxf6 11. c3 Bg5 12. Nc2 Rb8 13. a4 bxa4 14. Ncb4 Nxb4 15. cxb4 O-O 16. Rxa4 a5 17. b5 Bd7 18. Nc3 Qb6 19. Be2 Rfc8 20. O-O Rc5 21. Qd3 Qc7 22. Rd1 Be7 23. Qb1 g6 24. Rd5 Ra8 25. Qa1 Be6 26. Rxc5 dxc5 27. Bc4 Qb6 28. Bxe6 fxe6 29. Qf1 Rd8 30. Ra1 Rd2 31. g3 Bd8 32. Rd1 Rd6 33. Rxd6 Qxd6 34. Qd1 Qd4 35. Qxd4 exd4 36. Na4 Be7 37. b3 Kf7 38. b6 e5 39. b7 Bd6 40. Nxc5 Ke7 41. Na6 Kd7 42. f4 exf4 43. gxf4 Bxf4 44. b8=Q Bxb8 45. Nxb8+ Kc7 46. Na6+ Kd6 47. Kf2 Ke5 48. Kf3 1-0

[Event "GER-ch Youth-U12 2022"]
[Site "Willingen"]
[Date "2022.06.11"]
[Round "9.12"]
[White "Albrecht, Neil"]
[Black "Uyar, Levin"]
[Result "1/2-1/2"]
[ECO "C56"]
[WhiteElo "1376"]
[BlackElo "1306"]
[Annotator "NA RC COMBH"]
[PlyCount "92"]
[EventDate "2022.06.05"]
[EventType "swiss"]
[EventRounds "9"]
[EventCountry "GER"]
[SourceTitle "playchess.com"]
[Source "ChessBase"]
[SourceQuality "1"]
[TimeControl "40/4500+30:900+30"]

1. e4 e5 2. Nf3 Nc6 3. Bc4 Nf6 4. d4 exd4 5. e5 d5 6. Bb5 Ne4 7. Nxd4 Bc5 8. Be3 O-O 9. Bxc6 bxc6 10. O-O Qe8 11. f3 Nd6 12. Bf4 Nc4 13. b3 Nxe5 14. Re1 Bxd4+ 15. Qxd4 Nxf3+ 16. gxf3 Qxe1+ 17. Kg2 Qe2+ 18. Qf2 Qxf2+ 19. Kxf2 Bf5 20. Nc3 Bxc2 21. Rc1 Bf5 22. Na4 Bd7 23. Nc5 Be6 24. Na6 Bd7 25. Nb4 Rac8 26. Na6 Rfe8 27. Nxc7 Rxc7 28. Bxc7 f6 29. Bd6 Kf7 30. Bc5 Rc8 31. a3 a6 32. b4 Bf5 33. Rc3 Bb1 34. Re3 Re8 35. Rxe8 Kxe8 36. Ke3 Kf7 37. Bd4 Ke6 38. Kf4 Bc2 39. h4 Bd1 40. Kg4 h6 41. h5 Bxf3+ 42. Kxf3 Kf5 43. Be3 g6 44. hxg6 Kxg6 45. Kf4 h5 46. Bf2 f5 1/2-1/2

[Event "GER-ch Youth-U12 2022"]
[Site "Willingen"]
[Date "2022.06.11"]
[Round "9.13"]
[White "Burkart, Lloyd Shang"]
[Black "Wang, Arthur D"]
[Result "1/2-1/2"]
[ECO "E06"]
[WhiteElo "1559"]
[BlackElo "2090"]
[Annotator "TA"]
[PlyCount "99"]
[EventDate "2022.06.05"]
[EventType "swiss"]
[EventRounds "9"]
[EventCountry "GER"]
[SourceTitle "playchess.com"]
[Source "ChessBase"]
[SourceQuality "1"]
[TimeControl "40/4500+30:900+30"]

1. c4 Nf6 2. g3 e6 3. Bg2 d5 4. Nf3 c6 5. Qc2 Be7 6. O-O O-O 7. d4 b6 $1 {[%emt 0:00:00][%mdl 4] is recently more successful than 7...Nbd7.} 8. Nbd2 Bb7 9. e4 dxc4 {[%emt 0:00:00] E06: Closed Catalan: Early deviations.} 10. Qxc4 (10. Nxc4 $11 {keeps the balance.} Nbd7 11. Bg5) 10... Ba6 $17 11. Qc2 Bxf1 {[%emt 0:00:00] [#] Black is better.} 12. Nxf1 $146 (12. Bxf1 a6 13. h4 c5 14. e5 Nd5 15. dxc5 bxc5 16. Qe4 Nd7 17. Bd3 g6 18. Nc4) ({Predecessor:} 12. Bxf1 a6 13. h4 c5 14. e5 Nd5 15. dxc5 bxc5 16. Qe4 Nd7 17. Bd3 g6 18. Nc4 {0-1 (35) Foshenko,K (1607)-Evsyukov,A (1909) Voronezh 2016}) 12... Na6 13. Qe2 Nb8 (13... b5 $15) 14. Bf4 ({White should play} 14. Qc2 $11) 14... Nbd7 $15 15. Ne5 (15. Rd1 $15) 15... Rc8 ({Better is} 15... Nxe5 16. Bxe5 Rc8) 16. Rd1 (16. Nc4 $142) 16... Nxe5 $17 17. dxe5 (17. Bxe5 $17 b5 18. h4) 17... Nd7 $19 18. Qg4 Qc7 (18... Kh8 $1 $19 {Strongly threatening ...Qc7.} 19. Qf3 Qc7) 19. Bh6 $17 {[%emt 0:00:35][%csl Gh6][%cal Rg4g7] [#]} g6 20. Bxf8 Nxe5 (20... Bxf8 $6 21. f4 $11) 21. Qe2 {[%emt 0:01:04] And now Bxe7 would win.} Bxf8 ({But not} 21... Rxf8 $6 22. f4 $15) 22. f4 Nd7 ({Much weaker is} 22... Bc5+ $6 23. Kh1 $11) 23. Qf3 (23. e5 $142) 23... Rd8 (23... e5 $142 24. Ne3 Bc5) 24. Kh1 (24. e5 $142 Bc5+ 25. Kh1) 24... Bc5 (24... e5 $142 25. Ne3 Nc5) 25. e5 Nb8 26. g4 (26. h4) (26. h4 $142) 26... Rxd1 27. Qxd1 Qe7 (27... g5 28. fxg5 Be7) (27... g5 $142 28. fxg5 Be7) 28. g5 ({White should try} 28. Qd2) 28... b5 29. Qc1 {[%emt 0:14:18] [#]} Bb6 $1 30. Bf3 Qc5 (30... Qb4 $19 {is more deadly. aiming for ...Qd4.} 31. Kg2 Qd4) 31. Qxc5 Bxc5 {[%emt 0:00:05][%mdl 4096] Endgame KBN-KBN} 32. Kg2 Kf8 33. Kg3 Ke7 34. Nd2 Bd4 35. b3 c5 36. Be2 {[%emt 0:04:43] [#]} a6 37. Kf3 Nc6 38. a3 $2 (38. Ne4 $17 {keeps fighting.}) 38... Bb2 $19 39. a4 (39. Bd1 {was necessary.}) 39... bxa4 (39... Nd4+ $142 40. Ke3 c4 41. Bxc4 bxc4 42. Nxc4 Ba1) 40. bxa4 a5 (40... Nd4+ $19 41. Ke3 Nxe2 42. Kxe2 Bc1) 41. Nb3 Nd4+ 42. Nxd4 Bxd4 $15 {[%emt 0:00:16] KB-KB} 43. Bc4 Bc3 44. Ke4 Bb4 45. Kf3 Bc3 46. Ke4 Bd4 47. Kf3 Kf8 48. Bd3 Kg7 49. Bc4 h6 50. h4 {[%emt 0:04:24] And White is the lucky defender.  Weighted Error Value: White=0.32/Black=0.33} 1/2-1/2

[Event "GER-ch Youth-U12 2022"]
[Site "Willingen"]
[Date "2022.06.11"]
[Round "9.14"]
[White "Nguyen, Bach Khoi"]
[Black "Seth, Aakrit"]
[Result "1/2-1/2"]
[ECO "B27"]
[WhiteElo "1261"]
[BlackElo "1435"]
[Annotator "NA RC COMBH"]
[PlyCount "86"]
[EventDate "2022.06.05"]
[EventType "swiss"]
[EventRounds "9"]
[EventCountry "GER"]
[SourceTitle "playchess.com"]
[Source "ChessBase"]
[SourceQuality "1"]
[TimeControl "40/4500+30:900+30"]

1. e4 c5 2. Nf3 g6 3. d4 cxd4 4. Qxd4 Nf6 5. e5 Nc6 6. Qa4 Nd5 7. Qe4 Nb6 8. Nc3 Bg7 9. Bf4 O-O 10. O-O-O Re8 11. h4 d5 12. exd6 Bxc3 13. bxc3 Bf5 14. Qe2 e5 15. Be3 Bg4 16. h5 e4 17. hxg6 fxg6 18. Bxb6 axb6 19. Qc4+ Kg7 20. d7 Rf8 21. Qxe4 Bxf3 22. gxf3 Rxa2 23. Bd3 Qg5+ 24. Qe3 Qxe3+ 25. fxe3 Rxf3 26. Kb1 Ra8 27. Be4 Rff8 28. Rh2 Rad8 29. Rdh1 Rh8 30. Rd1 h5 31. Rd6 Rh6 32. Rg2 Ne5 33. Rg5 Rxd7 34. Re6 Nf7 35. Rgxg6+ Rxg6 36. Rxg6+ Kf8 37. Rxb6 Re7 38. Bf3 h4 39. Rxb7 Rxe3 40. Bd5 Ng5 41. Rb8+ Ke7 42. Rh8 h3 43. c4 Kd6 1/2-1/2

[Event "GER-ch Youth-U12 2022"]
[Site "Willingen"]
[Date "2022.06.11"]
[Round "9.15"]
[White "Noennig, Jakob"]
[Black "Büchel, David"]
[Result "0-1"]
[ECO "B78"]
[WhiteElo "1556"]
[BlackElo "1527"]
[Annotator "NA RC COMBH"]
[PlyCount "44"]
[EventDate "2022.06.05"]
[EventType "swiss"]
[EventRounds "9"]
[EventCountry "GER"]
[SourceTitle "playchess.com"]
[Source "ChessBase"]
[SourceQuality "1"]
[TimeControl "40/4500+30:900+30"]

1. e4 c5 2. Nf3 d6 3. d4 cxd4 4. Nxd4 Nf6 5. Nc3 g6 6. Be3 Bg7 7. f3 O-O 8. Bc4 Nc6 9. Qd2 Bd7 10. O-O-O Rc8 11. Bb3 Nxd4 12. Bxd4 b5 13. Bxa7 b4 14. Ne2 Qa5 15. Be3 Be6 16. Qd3 Nd7 17. Kb1 Ne5 18. Qd2 Nc4 19. Bxc4 Bxc4 20. b3 Qxa2+ 21. Kxa2 Ra8+ 22. Kb1 Ra1# 0-1

[Event "GER-ch Youth-U12 2022"]
[Site "Willingen"]
[Date "2022.06.11"]
[Round "9.16"]
[White "Limmer, Marco"]
[Black "Freude, Paul"]
[Result "1-0"]
[ECO "B50"]
[WhiteElo "1825"]
[BlackElo "1415"]
[Annotator "NA RC COMBH"]
[PlyCount "73"]
[EventDate "2022.06.05"]
[EventType "swiss"]
[EventRounds "9"]
[EventCountry "GER"]
[SourceTitle "playchess.com"]
[Source "ChessBase"]
[SourceQuality "1"]
[TimeControl "40/4500+30:900+30"]

1. e4 c5 2. Nf3 d6 3. c3 Nf6 4. Be2 Nbd7 5. Qc2 a6 6. O-O g6 7. d4 Bg7 8. Bc4 b5 9. Be2 O-O 10. Bf4 Bb7 11. Nbd2 Rc8 12. Qd3 Qc7 13. e5 Nh5 14. exd6 exd6 15. Be3 f5 16. Ng5 f4 17. Bxh5 fxe3 18. fxe3 Bd5 19. e4 c4 20. Qc2 Bf7 21. Bg4 Rce8 22. Rxf7 Rxf7 23. Be6 Rxe6 24. Nxe6 Qc8 25. Nxg7 Kxg7 26. Rf1 Nf6 27. Nf3 Ng4 28. Qe2 Re7 29. h3 Nf6 30. e5 Nh5 31. Qf2 Nf4 32. Qh4 Qf8 33. Ng5 h6 34. Rxf4 hxg5 35. Qxg5 Rf7 36. Rxf7+ Qxf7 37. exd6 1-0

[Event "GER-ch Youth-U12 2022"]
[Site "Willingen"]
[Date "2022.06.11"]
[Round "9.17"]
[White "Martin Fernandez, Rafael"]
[Black "Mukazhanov, Mansur"]
[Result "1-0"]
[ECO "E17"]
[WhiteElo "1678"]
[BlackElo "1279"]
[Annotator "NA RC COMBH"]
[PlyCount "119"]
[EventDate "2022.06.05"]
[EventType "swiss"]
[EventRounds "9"]
[EventCountry "GER"]
[SourceTitle "playchess.com"]
[Source "ChessBase"]
[SourceQuality "1"]
[TimeControl "40/4500+30:900+30"]

1. Nf3 Nf6 2. g3 b6 3. Bg2 Bb7 4. O-O e6 5. c4 Be7 6. b3 O-O 7. Bb2 d5 8. d4 dxc4 9. bxc4 Nbd7 10. Nc3 Ne4 11. Nxe4 Bxe4 12. d5 exd5 13. cxd5 Bf6 14. Nd4 Bxg2 15. Kxg2 Qe8 16. Qc2 Nc5 17. Rfe1 Rd8 18. e4 Na4 19. e5 Bxe5 20. f4 Nxb2 21. Rxe5 Qd7 22. Qxb2 f6 23. Re2 Qxd5+ 24. Nf3 c5 25. Rae1 c4 26. Rd2 Qc6 27. Rxd8 Rxd8 28. Qe2 Kh8 29. Qe4 Qxe4 30. Rxe4 b5 31. Rd4 Re8 32. Kf2 Kg8 33. a4 a6 34. axb5 axb5 35. Rd5 b4 36. Rb5 b3 37. Nd2 Rc8 38. Rb4 Rd8 39. Nxc4 Rd3 40. Ke2 Rc3 41. Nd2 g5 42. Rxb3 Rc6 43. Kf3 Kg7 44. h3 Kg6 45. Ne4 gxf4 46. Kxf4 f5 47. Nf2 h5 48. Nd3 Rc4+ 49. Kf3 Kg5 50. h4+ Kf6 51. Rb6+ Kg7 52. Nf4 Rc3+ 53. Kg2 Rc2+ 54. Kh3 Rf2 55. Nxh5+ Kh7 56. Nf4 Rf1 57. Rf6 Kg7 58. Rxf5 Ra1 59. Kg4 Ra4 60. Kg5 1-0

[Event "GER-ch Youth-U12 2022"]
[Site "Willingen"]
[Date "2022.06.11"]
[Round "9.18"]
[White "Goldkuhle, Collin"]
[Black "Pimenov, Danil"]
[Result "0-1"]
[ECO "B21"]
[WhiteElo "1323"]
[BlackElo "1337"]
[Annotator "NA RC COMBH"]
[PlyCount "72"]
[EventDate "2022.06.05"]
[EventType "swiss"]
[EventRounds "9"]
[EventCountry "GER"]
[SourceTitle "playchess.com"]
[Source "ChessBase"]
[SourceQuality "1"]
[TimeControl "40/4500+30:900+30"]

1. e4 c5 2. Nc3 Nc6 3. Bb5 g6 4. Bxc6 dxc6 5. d3 Bg7 6. f4 Nf6 7. Nf3 O-O 8. O-O b5 9. Qe1 Qb6 10. Kh1 a5 11. Qh4 b4 12. Ne2 e6 13. f5 exf5 14. Bh6 Qd8 15. Ng5 Ra7 16. Ng3 Rd7 17. e5 Rd4 18. N3e4 Nh5 19. Bxg7 Kxg7 20. g4 fxe4 21. gxh5 exd3 22. h6+ Kg8 23. Rf4 dxc2 24. Rxd4 Qxd4 25. Ne4 Qxe5 26. Nf6+ Kh8 27. Qf2 Bf5 28. Nd7 Qd5+ 29. Kg1 Qxd7 30. Qxc5 Qd8 31. h4 Re8 32. Qxc6 Qd4+ 33. Kh2 Re2+ 34. Kh1 Be4+ 35. Qxe4 Qxe4+ 36. Kg1 Qg2# 0-1

[Event "GER-ch Youth-U12 2022"]
[Site "Willingen"]
[Date "2022.06.11"]
[Round "9.19"]
[White "Herrmann, Jakob"]
[Black "Li, Luxuan"]
[Result "1-0"]
[ECO "C45"]
[WhiteElo "1737"]
[BlackElo "1235"]
[Annotator "NA RC COMBH"]
[PlyCount "73"]
[EventDate "2022.06.05"]
[EventType "swiss"]
[EventRounds "9"]
[EventCountry "GER"]
[SourceTitle "playchess.com"]
[Source "ChessBase"]
[SourceQuality "1"]
[TimeControl "40/4500+30:900+30"]

1. e4 e5 2. Nf3 Nc6 3. d4 exd4 4. Nxd4 Bc5 5. Be3 Qf6 6. c3 Nge7 7. Bc4 Bb6 8. O-O O-O 9. Nc2 d6 10. Nd2 Qg6 11. Bxb6 axb6 12. Ne3 Ne5 13. Be2 c6 14. f4 Nd7 15. Bf3 Nc5 16. Qe2 f5 17. e5 d5 18. Nb3 Ne4 19. Nd4 Qh6 20. g3 Bd7 21. a3 Ra5 22. Rad1 c5 23. Nb3 Rb5 24. Nxd5 Nxd5 25. Rxd5 Bc6 26. Bxe4 fxe4 27. Rd6 Qh3 28. Qc4+ Kh8 29. a4 Rxb3 30. Qxb3 e3 31. Rxc6 bxc6 32. Qxb6 h6 33. Qxc5 e2 34. Qxf8+ Kh7 35. Re1 Qg4 36. Qc5 Qf3 37. Qf2 1-0

[Event "GER-ch Youth-U12 2022"]
[Site "Willingen"]
[Date "2022.06.11"]
[Round "9.20"]
[White "Kullmann, Max"]
[Black "Wylie, Leonard"]
[Result "0-1"]
[ECO "D87"]
[WhiteElo "1442"]
[BlackElo "1733"]
[Annotator "NA RC COMBH"]
[PlyCount "60"]
[EventDate "2022.06.05"]
[EventType "swiss"]
[EventRounds "9"]
[EventCountry "GER"]
[SourceTitle "playchess.com"]
[Source "ChessBase"]
[SourceQuality "1"]
[TimeControl "40/4500+30:900+30"]

1. d4 Nf6 2. c4 g6 3. Nc3 d5 4. cxd5 Nxd5 5. e4 Nxc3 6. bxc3 Bg7 7. Bc4 c5 8. Ne2 Nc6 9. Be3 Qa5 10. O-O O-O 11. Qc2 cxd4 12. cxd4 Rd8 13. Rfd1 e6 14. Rac1 b5 15. Bb3 Bb7 16. f3 Rac8 17. Qb2 Rd7 18. a3 Rcd8 19. Rd3 Ba6 20. Bf2 b4 21. Rd2 bxa3 22. Qc3 Bxe2 23. Rxe2 Qxc3 24. Rxc3 Nxd4 25. Re1 Nxb3 26. Rxb3 a2 27. Ra3 a1=Q 28. Raxa1 Bxa1 29. Rxa1 Rd1+ 30. Rxd1 Rxd1+ 0-1